 Dungeon Crawl Stone Soup version 0.28.0-47-ge53b351184 (webtiles) character file.

Game seed: 3920535566253469316

56 Bruhh the Changer (level 3, -2/26 HPs)
             Began as a Merfolk Transmuter on Apr 30, 2022.
             Slain by a worm (7 damage)
             ... on level 2 of the Dungeon.
             The game lasted 00:03:37 (1909 turns).

Bruhh the Changer (Merfolk Transmuter)              Turns: 1909, Time: 00:03:37

Health: -2/26      AC:  2    Str: 10    XL:     3   Next: 95%
Magic:  7/7        EV: 12    Int: 14    God:
Gold:   67         SH:  0    Dex: 14    Spells: 2/8 levels left

rFire   . . .      SeeInvis .   e - +1 short sword (venom)
rCold   . . .      Faith    .   (no shield)
rNeg    . . .      Spirit   .   a - +0 robe
rPois   .          Reflect  .   (no helmet)
rElec   .          Harm     .   (no cloak)
rCorr   .          Rampage  .   (no gloves)
Will    .....                   (no boots)
Stlth   +.........              (no amulet)
HPRegen 0.08/turn               (no ring)
MPRegen 0.10/turn               (no ring)

@: no status effects
A: (nimble swimmer 2), mertail
a: no special abilities


You were on level 2 of the Dungeon.
You visited 1 branch of the dungeon, and saw 2 of its levels.

You collected 67 gold pieces.

Inventory:

Hand Weapons
 e - a +1 short sword of venom (weapon)
Missiles
 d - 5 poisoned darts
Armour
 a - a +0 robe (worn)
Scrolls
 c - a scroll of torment {unknown}
 g - a scroll of teleportation {unknown}
 h - a scroll of enchant weapon {unknown}
Potions
 b - a potion of heal wounds {unknown}
 f - a potion of curing {unknown}


   Skills:
 - Level 1.1 Fighting
 - Level 2.6 Dodging
 - Level 3.2 Unarmed Combat
 - Level 3.0 Spellcasting
 + Level 4.4 Transmutations


You had 2 spell levels left.
You knew the following spells:

 Your Spells              Type           Power      Damage    Failure   Level
a - Beastly Appendage     Tmut           28%        N/A       3%          1
b - Wereblood             Tmut           14%        N/A       5%          2
c - Spider Form           Tmut/Pois      8%         N/A       26%         3

Your spell library contained the following spells:

 Spells                   Type           Power      Damage    Failure   Level
 Ice Form                 Ice/Tmut       8%         N/A       65%         4


Dungeon Overview and Level Annotations

Branches:
Dungeon (2/15)

Altars:


Innate Abilities, Weirdness & Mutations

((You are very nimble when in or above water. (Stealth+, EV+, Speed+++)))
Your lower body shifts to a powerful aquatic tail in water.


Message History

The giant cockroach barely misses you.
Training target 3.0 for Spellcasting reached!
Your Spellcasting skill increases to level 3!
You closely miss the giant cockroach.
The giant cockroach is severely wounded.
You barely miss the giant cockroach. You headbutt the giant cockroach.
You kill the giant cockroach!
Your horns disappear.
The giant cockroach closely misses you. x2
You hit the giant cockroach but do no damage.
The giant cockroach is poisoned.
The giant cockroach misses you. The giant cockroach bites you.
The giant cockroach misses you.
You hit the giant cockroach.
You kill the giant cockroach!
The giant cockroach misses you. The giant cockroach bites you.
You hit the giant cockroach.
You kill the giant cockroach!
You hit the giant cockroach but do no damage.
The giant cockroach bites you but does no damage. x2
You closely miss the giant cockroach. The giant cockroach barely misses you.
The giant cockroach closely misses you. The giant cockroach barely misses you.
The giant cockroach bites you.
You hit the giant cockroach.
You kill the giant cockroach!
The giant cockroach misses you.
You barely miss the worm. The giant cockroach closely misses you.
The worm bites you!
You barely miss the worm. The giant cockroach barely misses you.
The giant cockroach bites you but does no damage.
You hit the worm but do no damage.
The worm is poisoned.
The giant cockroach barely misses you. The worm bites you.
* * * LOW HITPOINT WARNING * * *
You hit the worm.
The worm looks even sicker.
The worm is moderately wounded.
The giant cockroach closely misses you.
You hit the giant cockroach.
The giant cockroach is moderately wounded.
The giant cockroach bites you but does no damage.
The worm bites you!
You die...

<# #..# #....##
.# #..#
#.....######.
#####
#............
#.$..#
#.....######
......# #....##
.......###..#.#
.......#....#.#
......†#B##.#.#
.)....?w@##.#.#
$.....#####...#
#.... #.###
#### #.# ..# ..


You could see a worm (very poisoned) and a giant cockroach.

Vanquished Creatures
  An adder (D:2)
  A dart slug (D:1)
  A ball python (D:1)
  3 bats (D:1)
  4 endoplasms (D:1)
  8 giant cockroaches (D:2)
  2 hobgoblins (D:1)
  3 jackals (D:1)
  2 quokkas (D:1)
  A frilled lizard (D:1)
  4 goblins
  4 kobolds (D:1)
  3 rats (D:1)
37 creatures vanquished.

Notes
Turn   | Place    | Note
-------+----------+-------------------------------------------
     0 | D:1      | Bruhh the Merfolk Transmuter began the quest for the Orb.
     0 | D:1      | Reached XP level 1. HP: 15/15 MP: 3/3
   335 | D:1      | Reached skill level 3 in Transmutations
   552 | D:1      | Reached XP level 2. HP: 17/21 MP: 3/5
   777 | D:1      | HP: 1/21 [goblin/+0 dagger (3)]
  1142 | D:1      | Reached XP level 3. HP: 26/26 MP: 4/6
  1259 | D:1      | Learned a level 2 spell: Wereblood
  1263 | D:1      | Learned a level 3 spell: Spider Form
  1359 | D:1      | Found a faded altar of an unknown god.
  1782 | D:2      | Reached skill level 4 in Transmutations
  1909 | D:2      | Slain by a worm

Illustrated notes

Levels and vault maps discovered:
D:1:      denvon_arrival_planthouse, layout_basic,
          dilly_ecumenical_altar_fadedgnrine
D:2:      minmay_roachtagon, layout_loops_ring, minmay_quantized, uniq_robin

Skill      XL: |  1  2  3 |
---------------+----------+-----
Transmutations | 3 4 |  4.4
Spellcasting   | 3 |  3.0
Fighting       | |  1.1
Dodging        | |  2.6
Unarmed Combat | |  3.2

Action                   || total
-------------------------++-------
Melee: Unarmed           ||    64
       Headbutt          ||    14
       Punch             ||     3
       Short sword       ||    35
Throw: Dart              ||     6
 Cast: Beastly Appendage ||    20
 Stab: Sleeping          ||     2
Armor: Robe              ||    18
Dodge: Dodged            ||    80
